Map: Prion Terraces

Players

Nerchio

  • Race: Zerg Zerg

Neeb - Winner!

  • Race: Protoss Protoss

Event: DreamHack Open Tours WCS Spring Championship

VOD

Have the link to the VOD?

Description

Time

  • Played on: May 15, 2016, 1:11 p.m.
  • Length: 8:22

All games in this series

Show
View Real Time Build Order
Export as new Build Order

Nerchio Zerg 

Build Orders: Hatch First 

Get SALT Encoding   

  12  0:00  Drone  
  13  0:12  Overlord  
  13  0:17  Drone  
  14  0:30  Drone x2  
  14  0:34  Drone  
  17  0:53  Hatchery  
  17  0:55  Drone  
  17  0:59  Drone  
  18  1:04  Extractor  
  17  1:14  Spawning Pool  
  17  1:17  Drone  
  17  1:20  Drone  
  18  1:28  Drone  
  19  1:38  Overlord  
  19  1:51  Drone  
  20  2:03  Queen  
  20  2:06  Queen  
  20  2:08  Metabolic Boost  
  24  2:10  Zergling x2  
  26  2:15  Drone  
  26  2:19  Drone  
  27  2:23  Drone  
  27  2:26  Drone  
  27  2:27  Drone  
  30  2:34  Zergling x2  
  31  2:46  Hatchery  
  31  2:48  Zergling x2  
  31  2:50  Zergling x2  
  32  2:54  Overlord  
  31  3:02  Drone x2  
  31  3:04  Drone  
  34  3:09  Queen  
  36  3:13  Drone x2  
  36  3:15  Drone  
  36  3:18  Drone  
  36  3:19  Drone  
  41  3:22  Extractor  
  40  3:28  Drone  
  40  3:29  Roach Warren  
  40  3:31  Drone  
  40  3:33  Drone  
  42  3:37  Overlord  
  42  3:42  Overlord  
  42  3:50  Overlord  
  42  4:08  Roach x8  
  58  4:10  Pneumatized Carapace  
  58  4:13  Roach  
  60  4:17  Overlord  
  60  4:19  Overlord  
  59  4:29  Zergling x10  
  59  4:30  Zergling x2  
  65  4:33  Overlord  
  65  4:41  Zergling x8  
  67  4:53  Zergling x12  
  67  4:56  Queen  
  70  5:03  Drone x2  
  69  5:13  Drone x3  
  68  5:16  Drone  
  68  5:18  Drone  
  68  5:21  Drone  
  64  5:24  Drone  
  64  5:27  Drone  
  64  5:29  Drone  
  64  5:30  Drone  
  64  5:34  Drone  
  64  5:35  Drone  
  64  5:38  Ravager x2  
  64  5:39  Ravager  
  64  5:40  Ravager x2  
  70  5:50  Zergling x10  
  70  5:53  Zergling x2  
  70  5:54  Zergling x2  
  77  5:58  Zergling x4  
  77  5:59  Zergling x2  
  80  6:07  Evolution Chamber  
  80  6:10  Zergling x4  
  80  6:11  Zergling x6  
  83  6:13  Ravager  
  83  6:14  Ravager x2  
  83  6:15  Overlord  
  78  6:27  Zergling x14  
  74  6:34  Drone x3  
  74  6:35  Drone  
  74  6:36  Drone  
  78  6:44  Drone x2  
  80  6:50  Zergling x2  
  80  6:51  Zergling x6  
  83  6:55  Zergling x6  
  83  6:59  Lair  
  85  7:06  Roach x3  
  88  7:10  Roach  
  88  7:12  Roach  
  88  7:13  Roach  
  94  7:18  Drone  
  94  7:22  Zergling x2  
  96  7:23  Zergling x2  
  97  7:30  Zergling x2  
  97  7:31  Overlord x2  
  97  7:33  Overlord x3  
  97  7:34  Overlord  
  97  7:43  Roach  
  98  7:45  Overlord x3  
  98  7:50  Zergling x2  
  98  7:57  Ravager x2  
  98  7:58  Ravager, Zergling x8  
  102  7:59  Zergling x4  
  102  8:01  Zergling x4  
  102  8:02  Zergling x2  
  102  8:03  Zergling x2  
Show
View Real Time Build Order
Export as new Build Order

Neeb Protoss - Winner!

Build Orders: 1 Gate Expand 

Get SALT Encoding   

  12  0:00  Probe (Chrono Boost)  
  13  0:11  Probe (Chrono Boost)  
  14  0:17  Pylon  
  14  0:21  Probe (Chrono Boost)  
  16  0:36  Probe (Chrono Boost)  
  16  0:39  Gateway  
  16  0:46  Probe (Chrono Boost)  
  17  0:57  Probe (Chrono Boost)  
  18  0:58  Assimilator  
  18  1:07  Probe (Chrono Boost)  
  19  1:18  Nexus  
  19  1:21  Probe (Chrono Boost)  
  20  1:30  Cybernetics Core  
  20  1:35  Probe (Chrono Boost)  
  21  1:40  Assimilator  
  21  1:45  Probe (Chrono Boost)  
  22  1:48  Pylon  
  22  1:56  Probe (Chrono Boost)  
  23  2:01  Warp Gate (Chrono Boost)  
  23  2:06  Probe (Chrono Boost)  
  23  2:07  Adept (Chrono Boost)  
  26  2:18  Probe  
  27  2:29  Twilight Council  
  27  2:30  Probe x2  
  27  2:35  Stalker (Chrono Boost)  
  31  2:41  Probe  
  31  2:42  Probe  
  33  2:53  Probe  
  33  2:57  Probe  
  33  2:58  Gateway  
  36  3:05  Probe  
  36  3:07  Gateway  
  36  3:08  Resonating Glaives (Chrono Boost)  
  36  3:09  Probe  
  37  3:17  Probe, Robotics Facility  
  38  3:22  Probe, Pylon  
  39  3:27  Adept  
  39  3:30  Probe  
  42  3:35  Probe  
  42  3:38  Pylon  
  43  3:42  Probe  
  43  3:47  Probe  
  45  3:48  Assimilator  
  45  3:49  Assimilator  
  45  3:54  Probe (Chrono Boost)  
  46  3:58  Pylon  
  46  4:01  Warp Prism, Adept x2  
  46  4:02  Adept  
  53  4:06  Probe (Chrono Boost)  
  57  4:11  Mothership Core (Chrono Boost)  
  57  4:17  Probe (Chrono Boost)  
  57  4:22  Adept x3  
  64  4:31  Probe (Chrono Boost)  
  65  4:36  Pylon  
  66  4:40  Immortal  
  66  4:43  Nexus  
  67  5:05  Adept x3  
  73  5:08  Probe (Chrono Boost)  
  73  5:10  Probe (Chrono Boost)  
  73  5:14  Immortal  
  73  5:19  Probe (Chrono Boost)  
  74  5:22  Pylon  
  74  5:25  Pylon  
  74  5:27  Gateway  
  74  5:28  Gateway  
  68  5:30  Sentry x3  
  68  5:33  Probe (Chrono Boost)  
  68  5:35  Gateway  
  73  5:41  Probe (Chrono Boost)  
  74  5:45  Probe (Chrono Boost)  
  75  5:51  Probe (Chrono Boost)  
  75  5:52  Immortal  
  75  5:54  Sentry  
  75  5:55  Sentry x2  
  75  5:56  Blink (Chrono Boost), Probe (Chrono Boost)  
  88  5:57  Probe (Chrono Boost)  
  88  6:03  Probe  
  88  6:05  Forge  
  89  6:13  Probe  
  89  6:14  Probe  
  91  6:24  Adept x2  
  91  6:25  Probe, Adept  
  96  6:29  Probe  
  96  6:30  Probe  
  93  6:35  Probe  
  93  6:36  Immortal  
  96  6:43  Adept x2  
  96  6:46  Pylon x2  
  100  6:48  Pylon  
  100  6:51  Assimilator  
  100  6:52  Probe  
  100  6:53  Assimilator  
  101  6:55  Pylon  
  101  6:57  Pylon  
  101  7:03  Probe x2  
  101  7:06  Adept x5  
  113  7:10  Probe  
  113  7:13  Observer  
  113  7:15  Probe x2, Sentry  
  119  7:20  Gateway x2  
  119  7:31  Stalker  
  119  7:32  Stalker  
  119  7:35  Pylon x2  
  123  7:37  Pylon  
  123  7:38  Pylon  
  123  7:45  Adept  
  124  7:55  Probe x3  
  122  8:02  Pylon, Stalker x2  
  122  8:04  Pylon  
  126  8:07  Adept  

Tags
 
Add a new tag
Caveats
  • Supply blocks, unpowered buildings, or Contaminate may cause inaccurate times.
  • Supply counts are checked every 10 seconds.